 Dungeon Crawl Stone Soup version bcrawl-1.12.1 (webtiles) character file.

Game seed: 9016672714773897209

1660 icckedyourdad the Thaumaturge (level 9, -15/62 HPs)
             Began as an Oni Wizard on July 15, 2019.
             Demolished by a hornet (16 damage)
             ... on level 7 of the Dungeon.
             The game lasted 00:14:25 (8673 turns).

icckedyourdad the Thaumaturge (Oni Wizard)          Turns: 8673, Time: 00:14:26

Health: -15/62     AC:  3    Str: 10      XL:     9   Next: 0%
Magic:  10/23      EV: 12    Int: 23      God:
Gold:   13         SH:  0    Dex:  9 (10) Spells: 10/24 levels left

rFire    + . .     SeeInvis .   g - +1 spear (flame)
rCold    + + .     Gourm    .   (no shield)
rNeg     . . .     Faith    .   b - +0 animal skin
rPois    .         Spirit   .   c - +0 hat
rElec    .         Reflect  .   w - scarf {rC+ rF+}
rCorr    +         Harm     .   n - +0 pair of gloves
MR       .....                  (no boots)
Stlth    ++........             (no amulet)
HPRegen  0.20/turn              s - ring of protection from cold
MPRegen  0.18/turn              x - ring of resist corrosion

@: lethally poisoned (-15 -> -19), slowed, very slow
A: oni magic, claws 1, fangs 1, horns 1
a: no special abilities


You were on level 7 of the Dungeon.
You were not hungry.

You visited 1 branch of the dungeon, and saw 7 of its levels.

You collected 332 gold pieces.
You spent 319 gold pieces at shops.

Inventory:

Hand Weapons
 a - a +0 staff
 g - a +1 spear of flaming (weapon)
Missiles
 m - a throwing net (quivered) {!f}
Armour
 b - a +0 animal skin (worn)
 c - a +0 hat (worn)
 n - a +0 pair of gloves (worn)
 w - a scarf of resistance (worn)
Jewellery
 s - a ring of protection from cold (left hand)
 u - an uncursed ring of protection from cold
 x - a ring of resist corrosion (right hand)
Wands
 l - a wand of disintegration (11)
 q - a wand of digging (6)
Scrolls
 d - 3 scrolls of amnesia
 e - 2 scrolls of enchant weapon {unknown}
 h - 5 scrolls of identify {unknown}
 i - 3 scrolls of fog {unknown}
 j - a scroll of immolation {unknown}
 p - a scroll of teleportation {unknown}
 t - 4 scrolls of enchant armour {unknown}
 v - a scroll of magic mapping {unknown}
 y - a scroll of remove curse {unknown}
Potions
 o - a potion of resistance
 r - a potion of curing
 A - a potion of might
 B - a potion of flight
 C - a potion of brilliance
Comestibles
 f - 3 rations {!d}


   Skills:
 - Level 1.7 Dodging
 - Level 1.7 Stealth
 * Level 8.2 Spellcasting


You had 10 spell levels left.
You knew the following spells:

 Your Spells              Type           Power        Failure   Level  Hunger
a - Magic Dart            Conj           ####         1%          1    None
b - Blink                 Tloc           N/A          1%          2    None
c - Mephitic Cloud        Conj/Pois/Air  #####...     1%          3    None
d - Conjure Flame         Conj/Fire      #####...     1%          3    None
e - Swiftness             Chrm/Air       #####...     1%          2    None
f - Teleport Other        Tloc           ######..     1%          3    None

Your spell library contained the following spells:

 Spells                   Type           Power        Failure   Level  Hunger
 Slow                     Hex            ######..     1%          1    None
 Summon Small Mammal      Summ           ####         1%          1    None
 Call Imp                 Summ           ######..     1%          2    None
 Olgreb's Toxic Radiance  Pois           ######..     1%          4    ###....


Dungeon Overview and Level Annotations

Branches:
Dungeon (7/12)
 Temple: D:4-7         Lair: D:7-10

Altars:
Ashenzari
Makhleb
Qazlal
Trog
Uskayaw
The Shining One

Shops:
D:4 :   D:5 *=(!

Annotations:
D:4 Blork the orc


Innate Abilities, Weirdness & Mutations

You learn spells by gaining experience, not through books or religion.
You only train spellcasting to practice magic.
You have sharp fingernails.
You have very sharp teeth.
You have a pair of small horns on your head.


Message History

Press: ? - help, Shift-Dir - straight line, f/p - hornet
Aim: a hornet (heavily wounded)
The magic dart hits the hornet.
The hornet is heavily wounded.
You feel sick. The hornet stings you!
* * * LOW HITPOINT WARNING * * *
You feel as though you will be slow longer.
The hornet stings you!
* * * LOW HITPOINT WARNING * * *
You feel as though you will be slow longer.
The kobold closely misses you.
Casting: Magic Dart (safe; 1% risk of failure)
Confirm with . or Enter, or press ? or * to list all spells.
Aiming: Magic Dart (safe; 1% risk of failure)
Press: ? - help, Shift-Dir - straight line, f/p - hornet
Aim: a hornet (heavily wounded)
The magic dart hits the hornet.
The hornet is heavily wounded.
The hornet stings you!
You die...

#.####..#.#####....
..........# #.####
#####..### .#
..#..#
K#########.#..#
#........#.#..#
.#######.#.#..# .#
#.y.†..# #.#
#.@K...# # #.#
##....## #.
##.######.#.#
#.##.....<.....#
#......)####.###
#K.h...# #>#
#)hh#.## #.#
#.^.###....#
#.......#


You could see a hornet and a kobold.

Vanquished Creatures
  Sigmund (D:2)
  Menkaure (D:4)
  2 sky beasts (D:5)
  A centaur (D:6)
  A big kobold (D:4)
  A bullfrog (D:6)
  2 scorpions
  2 howler monkeys
  A centaur zombie (D:5)
  A quasit (D:7)
  A crimson imp (D:2)
  A hound (D:4)
  2 bullfrog zombies
  A jelly (D:3)
  2 orc priests (D:3)
  3 orc wizards
  4 worker ants
  A hound skeleton (D:3)
  9 gnolls
  A worker ant zombie (D:5)
  6 river rats
  7 adders
  5 worms
  3 dart slugs
  5 leopard geckos
  7 orcs
  3 ball pythons
  6 bats
  5 giant cockroaches
  6 hobgoblins
  19 jackals
  6 quokkas
  6 frilled lizards
  7 goblins
  A jackal zombie (D:6)
  12 kobolds
  11 rats
153 creatures vanquished.

Vanquished Creatures (others)
  A plant (D:1)
1 creature vanquished.

Grand Total: 154 creatures vanquished

Notes
Turn   | Place    | Note
-------+----------+-------------------------------------------
     0 | D:1      | icckedyourdad the Oni Wizard began the quest for the Orb.
     0 | D:1      | Reached XP level 1. HP: 14/14 MP: 5/5
   504 | D:1      | Reached XP level 2. HP: 4/20 MP: 5/7
   983 | D:1      | Learned a level 2 spell: Blink
  1298 | D:1      | Reached XP level 3. HP: 19/26 MP: 9/9
  1341 | D:1      | Reached skill level 3 in Spellcasting
  1507 | D:2      | Found a hide-covered altar of Uskayaw.
  1519 | D:2      | Found a shattered altar of Ashenzari.
  1879 | D:2      | Noticed Sigmund
  1890 | D:2      | Learned a level 3 spell: Mephitic Cloud
  1899 | D:2      | Killed Sigmund
  1899 | D:2      | Reached skill level 4 in Spellcasting
  1899 | D:2      | Reached XP level 4. HP: 25/33 MP: 8/12
  1899 | D:2      | Reached XP level 5. HP: 28/38 MP: 8/13
  1907 | D:2      | Learned a level 3 spell: Conjure Flame
  1910 | D:2      | Learned a level 2 spell: Swiftness
  1977 | D:2      | Found a stormy altar of Qazlal.
  2336 | D:2      | Reached XP level 6. HP: 24/45 MP: 8/14
  2541 | D:2      | Found a glowing golden altar of the Shining One.
  2895 | D:3      | HP: 1/45 [orc priest/nerve-wracking pain (10)]
  3346 | D:3      | Reached skill level 5 in Spellcasting
  3489 | D:3      | Learned a level 3 spell: Teleport Other
  3717 | D:3      | Found a hide-covered altar of Uskayaw.
  3870 | D:3      | Reached XP level 7. HP: 37/50 MP: 2/17
  4973 | D:4      | Reached skill level 6 in Spellcasting
  4983 | D:4      | Noticed Blork the orc
  5212 | D:4      | Noticed Menkaure
  5245 | D:4      | Killed Menkaure
  5245 | D:4      | Reached XP level 8. HP: 34/57 MP: 1/20
  5800 | D:4      | Found Xonnuwot's Book Shop.
  5993 | D:4      | Found a burning altar of Makhleb.
  6321 | D:3      | Reached skill level 7 in Spellcasting
  6741 | D:5      | Entered Level 5 of the Dungeon
  6967 | D:5      | Found Fein's Weapon Boutique.
  7163 | D:5      | Found a bloodstained altar of Trog.
  7698 | D:5      | Found Elun's Distillery.
  7703 | D:5      | Bought a potion of resistance for 110 gold pieces
  7703 | D:5      | Bought a potion of magic for 88 gold pieces
  7703 | D:5      | Bought a potion of might for 44 gold pieces
  7703 | D:5      | Bought a potion of flight for 33 gold pieces
  8083 | D:5      | Found Ukkaat's General Store.
  8107 | D:5      | Bought a potion of brilliance for 44 gold pieces
  8116 | D:5      | Found Bihasino's Jewellery Boutique.
  8375 | D:6      | Reached skill level 8 in Spellcasting
  8435 | D:7      | Reached XP level 9. HP: 19/62 MP: 16/23
  8659 | D:7      | Noticed a hornet
  8672 | D:7      | HP: 1/62 [hornet (13)]
  8673 | D:7      | Demolished by a hornet

Skill      XL: |  1  2  3  4  5  6  7  8 |
---------------+-------------------------+-----
Spellcasting   | 4 5 6 8 |  8.2
Dodging        | |  1.7
Stealth        | |  1.7

Action                   |  1- 3 |  4- 6 |  7- 9 || total
-------------------------+-------+-------+-------++-------
Melee: Staff             |    31 |       |       ||    31
       Bite              |     8 |     5 |     8 ||    21
       Spear             |   120 |   108 |   137 ||   365
       Headbutt          |    14 |    10 |    10 ||    34
 Cast: Magic Dart        |    12 |    23 |   253 ||   288
       Mephitic Cloud    |     1 |     3 |     8 ||    12
       Swiftness         |       |     2 |     3 ||     5
       Teleport Other    |       |     1 |     1 ||     2
       Conjure Flame     |       |     1 |     1 ||     2
       Blink             |       |       |     8 ||     8
  Use: Potion            |     1 |       |    10 ||    11
       Scroll            |     1 |       |       ||     1
 Stab: Sleeping          |     2 |     2 |     4 ||     8
       Confused          |     1 |       |       ||     1
  Eat: Chunk             |     3 |     3 |     6 ||    12
       Ration            |       |     1 |     3 ||     4
Armor: Animal skin       |    26 |    18 |    47 ||    91
       Skin              |       |       |    17 ||    17
Dodge: Dodged            |    82 |    35 |   198 ||   315
